AoeStats
← Everest_Эверест

Arena

509636144Analyzed
4v4 RM · 4d ago on Sep 27, 2026· 50m 7s· 8 players
Game mode
Random Map
Map size
Large (8 player)
Population
200
Speed
Normal
Resources
Standard
Victory
Conquest
Starting age
Dark Age
Ending age
Imperial Age
RankedLock teamsTeams togetherTeam positionsShared explorationLock speedFull tech treeHidden civsTurbo modeCheats
Victory
Defeat
🇨🇳 Turks · China
963
+16
🇷🇺 Saxons · Russia
931
+17
🇨🇳 Poles · China
922
+18
🇨🇳 Byzantines · China
915
+18
🇪🇬 Slavs · Egypt
1062
-21
🇲🇽 Mongols · Mexico
943
-17
925
-16
🇪🇬 Gurjaras · Egypt
913
-15
AztK_Xhelotl_ °_°
2:46 Loom
10:30 Feudal Age
11:46 Double-Bit Axe
16:17 Wheelbarrow
18:14 Castle Age
16:55 Horse Collar
18:03 Stone Mining
18:06 Gold Mining
19:41 Wheelbarrow
21:57 Bow Saw
21:59 Caravan
23:34 Heavy Plow
29:08 Hand Cart
31:26 Imperial Age
28:45 Town Watch
30:56 Town Patrol
31:37 Gold Shaft Mining
31:37 Stone Shaft Mining
32:57 Conscription
34:53 Drill
33:57 Capped Ram
34:57 Siege Ram
36:56 Chemistry
35:31 Light Cavalry
36:22 Bloodlines
36:29 Fletching
36:39 Padded Archer Armor
36:46 Scale Barding Armor
36:41 Scale Mail Armor
37:10 Forging
37:28 Heavy Scorpion
41:25 Ballistics
41:01 Murder Holes
40:30 Pikeman
41:10 Squires
46:05 Bodkin Arrow
46:25 Leather Archer Armor
46:31 Chain Barding Armor
46:26 Chain Mail Armor
46:47 Iron Casting
47:28 Bracer
Khaled_Samir
11:22 Feudal Age
16:16 Castle Age
14:42 Double-Bit Axe
14:52 Horse Collar
15:18 Loom
15:17 Man-at-Arms
16:39 Long Swordsman
19:31 Squires
21:32 Pikeman
26:21 Bow Saw
28:58 Scale Mail Armor
33:23 Fletching
33:49 Chain Mail Armor
35:05 Wheelbarrow
35:14 Light Cavalry
36:05 Husbandry
36:31 Bloodlines
37:04 Scale Barding Armor
37:09 Forging
36:56 Bodkin Arrow
37:03 Padded Archer Armor
41:36 Gold Mining
42:36 Chain Barding Armor
42:54 Iron Casting
Everest_Эверест
10:34 Feudal Age
11:14 Double-Bit Axe
16:06 Castle Age
20:14 Squires
23:00 Loom
25:32 Bow Saw
25:05 Horse Collar
25:50 Fletching
26:27 Scale Mail Armor
26:46 Forging
27:47 Wheelbarrow
27:35 Arson
30:34 Iron Casting
36:28 Hand Cart
38:57 Imperial Age
37:40 Masonry
37:23 Town Watch
38:22 First Crusade
39:45 Chain Mail Armor
39:00 Elite Serjeant
40:08 Conscription
39:13 Elite Serjeant
40:01 Heavy Plow
39:54 Arrowslits
40:29 Husbandry
41:22 Cavalier
42:30 Bodkin Arrow
45:16 Bloodlines
Zeyad
5:56 Loom
14:06 Feudal Age
16:59 Forging
16:50 Scale Mail Armor
19:10 Castle Age
17:26 Horse Collar
20:02 Heavy Plow
19:52 Double-Bit Axe
20:37 Scale Barding Armor
20:46 Forging
20:39 Scale Mail Armor
23:23 Iron Casting
25:56 Bloodlines
32:13 Chain Mail Armor
32:25 Chain Barding Armor
32:32 Ballistics
33:55 Bow Saw
33:47 Light Cavalry
35:04 Gold Mining
35:05 Stone Mining
35:13 Fletching
35:24 Padded Archer Armor
37:37 Town Watch
39:26 Padded Archer Armor
44:04 Elite Skirmisher
47:59 Bodkin Arrow
48:19 Leather Archer Armor
48:33 Thumb Ring
KOMMEPCAHT
11:37 Feudal Age
13:43 Double-Bit Axe
13:55 Horse Collar
16:49 Castle Age
16:06 Wheelbarrow
19:00 Hand Cart
23:38 Loom
24:54 Gold Mining
24:54 Stone Mining
27:52 Ballistics
29:35 Gold Shaft Mining
28:50 Stone Mining
29:18 Scale Mail Armor
29:29 Forging
31:55 Fortified Wall
35:51 Imperial Age
35:37 Chain Mail Armor
35:57 Iron Casting
36:59 Conscription
37:46 Chemistry
36:42 Murder Holes
36:42 Fletching
36:25 Heavy Scorpion
37:09 Shield Wall
38:20 Bow Saw
37:35 Elite Hearth Troop
38:17 Capped Ram
41:28 Two-Man Saw
40:33 Siege Ram
42:29 Plate Mail Armor
41:54 Bodkin Arrow
46:55 Bracer
46:55 Padded Archer Armor
50:03 Leather Archer Armor
Kevin
0:27 Loom
12:08 Feudal Age
16:28 Castle Age
14:41 Double-Bit Axe
15:29 Horse Collar
23:52 Wheelbarrow
24:06 Heavy Plow
24:19 Bow Saw
24:40 Stone Mining
26:46 Stone Shaft Mining
27:26 Gold Mining
28:06 Scale Barding Armor
28:11 Forging
28:26 Hand Cart
29:32 Fletching
29:42 Padded Archer Armor
29:06 Crossbowman
29:54 Thumb Ring
34:31 Imperial Age
34:08 Bodkin Arrow
34:33 Chain Barding Armor
34:49 Iron Casting
35:04 Ballistics
34:54 Fortified Wall
35:54 Crop Rotation
36:26 Two-Man Saw
36:09 Conscription
35:23 Elite Cataphract
36:11 Husbandry
36:51 Gold Shaft Mining
37:35 Chemistry
36:31 Murder Holes
37:11 Bracer
37:47 Plate Barding Armor
37:28 Leather Archer Armor
38:12 Logistica
38:14 Arbalester
40:03 Leather Archer Armor
50:01 Hoardings
苏坊
10:41 Feudal Age
15:17 Castle Age
14:24 Double-Bit Axe
23:05 Horse Collar
24:28 Wheelbarrow
23:43 Loom
27:07 Hand Cart
26:39 Town Watch
32:52 Imperial Age
30:23 Town Patrol
31:19 Scale Barding Armor
31:25 Forging
31:16 Padded Archer Armor
31:07 Fletching
32:55 Husbandry
33:07 Bloodlines
33:20 Chain Barding Armor
33:36 Iron Casting
34:07 Bow Saw
33:29 Heavy Camel Rider
35:04 Ballistics
34:57 Fortified Wall
34:44 Murder Holes
35:01 Gold Mining
35:05 Stone Mining
36:24 Masonry
35:54 Treadmill Crane
36:00 Arrowslits
36:08 Guard Tower
37:27 Two-Man Saw
36:30 Heavy Plow
38:44 Gold Shaft Mining
39:16 Plate Barding Armor
39:41 Blast Furnace
39:19 Artillery
39:41 Conscription
41:19 Leather Archer Armor
41:00 Bodkin Arrow
45:24 Caravan
1s1b11VN
9:27 Loom
13:17 Feudal Age
20:20 Castle Age
19:11 Forging
34:17 Double-Bit Axe
35:29 Forging
35:25 Scale Barding Armor
35:34 Bloodlines
35:25 Husbandry
34:48 Light Cavalry
39:13 Wheelbarrow
38:23 Town Watch
39:36 Gold Mining
40:31 Horse Collar
42:50 Iron Casting
42:35 Chain Barding Armor
42:09 Stone Mining
43:11 Hand Cart
44:39 Stone Shaft Mining
44:08 Town Patrol
44:22 Bow Saw
44:15 Heavy Plow
48:28 Imperial Age
46:35 Masonry
46:05 Treadmill Crane
46:25 Murder Holes
46:47 Fortified Wall
48:40 Ballistics
48:59 Winged Hussar
Connection lost

Rejoining the realm…

Still unreachable

The connection could not be restored.

Session expired

The server has moved on; the page needs a fresh start.